RES
REDFERN RAILROADERS @ ROCKDALE CRUSHERS
06/24/2022
 
TOP OF THE 1ST
Redfern Railroaders batting - Pitching for Rockdale Crushers : LHP Darren Durnford
Pitching: LHP Darren Durnford
Batting: RHB John Hockley 0-0: TRIPLE (Line Drive, 78XD, EV 101.9 MPH)
Batting: SHB Nick Creed 0-0: Called Strike
0-1: Called Strike
0-2: Ball
1-2: Strikes out looking
Batting: RHB Matthew Joule 0-0: Ball
1-0: SINGLE (Line Drive, 9S, EV 104.4 MPH)
John Hockley scores
Batting: LHB Luke Currall 0-0: Called Strike
Matthew Joule steals 2nd base
0-1: Ball
1-1: Foul Ball, location: 7LSF
1-2: Ball
2-2: Fly out, F8 (Line Drive, 8RM, EV 87.5 MPH)
Batting: SHB Rio Kennerley 0-0: Ground out 4-3 (Groundball, 4M, EV 91.9 MPH)
Top of the 1st over - 1 run, 2 hits, 0 errors, 1 left on base; Redfern 1 - Rockdale 0
BOTTOM OF THE 1ST
Rockdale Crushers batting - Pitching for Redfern Railroaders : RHP Chip Buggins
Pitching: RHP Chip Buggins
Batting: LHB Steve Smith 0-0: Ground out 6-3 (Groundball, 6, EV 86.9 MPH)
Batting: RHB Brad Silk 0-0: Ball
1-0: Ball
2-0: Ball
3-0: Base on Balls
Batting: RHB J.J. Jones 0-0: Ball
1-0: Ball
2-0: Ball
3-0: Called Strike
3-1: Base on Balls
Brad Silk to second
Batting: SHB Mark Kinsley 0-0: Called Strike
0-1: Swinging Strike
0-2: DOUBLE (Groundball, 3L, EV 110.0 MPH)
Brad Silk scores
J.J. Jones to third
Runner from 3rd tries for Home, SAFE, no throw by RF
Batting: RHB Jerod Quarles 0-0: Ball
1-0: Ball
2-0: Ball
3-0: Called Strike
3-1: Ground out 6-3 (Groundball, 6S, EV 69.4 MPH)
Batting: RHB Justin Borrett 0-0: Swinging Strike
0-1: Foul Ball, location: 2F
0-2: Ball
1-2: SINGLE (Groundball, 6MD, EV 81.3 MPH) (infield hit)
Mark Kinsley to third
Batting: RHB Eugene Pilcher 0-0: Called Strike
0-1: Foul Ball, location: 9LMF
0-2: Strikes out swinging
Bottom of the 1st over - 2 runs, 2 hits, 0 errors, 2 left on base; Redfern 1 - Rockdale 2
TOP OF THE 2ND
Redfern Railroaders batting - Pitching for Rockdale Crushers : LHP Darren Durnford
Batting: RHB Trace Clifford 0-0: Foul Ball, location: 5FF
0-1: Ball
1-1: Swinging Strike
1-2: Fly out, F8 (Flyball, 8LD, EV 96.3 MPH)
Batting: RHB Jim Bellars 0-0: Swinging Strike
0-1: Swinging Strike
0-2: Ball
1-2: Foul Ball, location: 2F
1-2: Strikes out swinging
Batting: LHB Jarrad Honeysett 0-0: Swinging Strike
0-1: Ball
1-1: Swinging Strike
1-2: Foul Ball, location: 2F
1-2: Ball
2-2: Ball
3-2: Fly out, F8 (Line Drive, 8LM, EV 90.0 MPH)
Top of the 2nd over - 0 runs, 0 hits, 0 errors, 0 left on base; Redfern 1 - Rockdale 2
BOTTOM OF THE 2ND
Rockdale Crushers batting - Pitching for Redfern Railroaders : RHP Chip Buggins
Batting: RHB Luke Thornett 0-0: Called Strike
0-1: Ball
1-1: Ball
2-1: Ball
3-1: SINGLE (Popup, 6S, EV 83.8 MPH)
Batting: SHB Jim Unknown 0-0: Sac Bunt to 13S - play at first, batter OUT! 1-3
Luke Thornett to second
Batting: LHB Steve Smith 0-0: Foul Ball, location: 2LF
0-1: Ball
1-1: Foul Ball, location: 7LMF
1-2: DOUBLE (Line Drive, 3D, EV 94.4 MPH)
Luke Thornett scores
Batting: RHB Brad Silk 0-0: Ball
1-0: Ball
2-0: Foul Ball, location: 7LSF
2-1: Ground out 5-3 (Groundball, 5, EV 85.0 MPH)
Batting: RHB J.J. Jones 0-0: Called Strike
0-1: Ball
1-1: Ball
2-1: Foul Ball, location: 2F
2-2: Ball
3-2: SINGLE (Line Drive, 78S, EV 96.9 MPH)
Steve Smith to third
Runner from 3rd tries for Home, SAFE, throw by LF to home
Batting: SHB Mark Kinsley 0-0: Ball
1-0: Ball
2-0: Foul Ball, location: 7LMF
2-1: SINGLE (Flyball, 89S, EV 88.8 MPH)
J.J. Jones to second
Runner from 2nd tries for 3rd, OUT! 9-5
Bottom of the 2nd over - 2 runs, 4 hits, 0 errors, 1 left on base; Redfern 1 - Rockdale 4
TOP OF THE 3RD
Redfern Railroaders batting - Pitching for Rockdale Crushers : LHP Darren Durnford
Batting: RHB Matt Bettinson 0-0: Ball
1-0: Called Strike
1-1: Called Strike
1-2: Ball
2-2: Strikes out looking
Batting: RHB John Hockley 0-0: Called Strike
0-1: Ball
1-1: Foul Ball, location: 2F
1-2: DOUBLE (Groundball, 5L, EV 108.1 MPH)
Pitching: RHP John Lovibond
Batting: SHB Nick Creed 0-0: Called Strike
John Hockley steals 3rd base
0-1: Ball
1-1: Foul Ball, location: 2F
1-2: Fly out, F5 (Popup, 56, EV 67.5 MPH)
Batting: RHB Matthew Joule 0-0: Ball
1-0: Ground out 1-3 (Groundball, P, EV 70.0 MPH)
Top of the 3rd over - 0 runs, 1 hit, 0 errors, 1 left on base; Redfern 1 - Rockdale 4
BOTTOM OF THE 3RD
Rockdale Crushers batting - Pitching for Redfern Railroaders : RHP Chip Buggins
Batting: RHB Jerod Quarles 0-0: Fly out, F4 (Popup, 13S, EV 78.8 MPH)
Batting: RHB Justin Borrett 0-0: Swinging Strike
0-1: Ball
1-1: Ball
2-1: Ground out 3-1 (Groundball, 34, EV 100.6 MPH)
Batting: RHB Eugene Pilcher 0-0: Ground out 6-3 (Groundball, 6, EV 82.5 MPH)
Bottom of the 3rd over - 0 runs, 0 hits, 0 errors, 0 left on base; Redfern 1 - Rockdale 4
TOP OF THE 4TH
Redfern Railroaders batting - Pitching for Rockdale Crushers : RHP John Lovibond
Batting: LHB Luke Currall 0-0: Ball
1-0: Called Strike
1-1: SINGLE (Flyball, 9LS, EV 85.6 MPH)
Batting: SHB Rio Kennerley 0-0: Ball
1-0: Ball
2-0: Ball
3-0: Base on Balls
Luke Currall to second
Batting: RHB Trace Clifford 0-0: Foul Ball, location: 9LSF
0-1: SINGLE (Groundball, 23, EV 66.9 MPH) (infield hit)
Luke Currall to third
Rio Kennerley to second
Pinch Hitting: LHB Brent Cannell 0-0: SINGLE (Groundball, 4D, EV 98.1 MPH)
Luke Currall scores
Rio Kennerley to third
Trace Clifford to second
Batting: LHB Jarrad Honeysett 0-0: Ball
1-0: Foul Ball, location: 5FF
1-1: Ball
2-1: Foul Ball, location: 7LMF
2-2: SINGLE (Groundball, 4M, EV 104.4 MPH) (infield hit)
Rio Kennerley scores
Trace Clifford to third
Brent Cannell to second
Batting: RHB Matt Bettinson 0-0: Ball
1-0: Ball
2-0: Called Strike
2-1: Called Strike
2-2: Grounds into double play, 6-4-3 (Groundball, 6, EV 82.5 MPH)
Trace Clifford scores
Brent Cannell to third
Pinch Hitting: LHB Jonathan Sherston 0-0: Ball
1-0: SINGLE (Flyball, 78S, EV 100.0 MPH)
Brent Cannell scores
Pitching: LHP Jason Hedley
Batting: SHB Nick Creed 0-0: Called Strike
Jonathan Sherston is caught stealing 2nd base 2-4
Top of the 4th over - 4 runs, 5 hits, 0 errors, 0 left on base; Redfern 5 - Rockdale 4
BOTTOM OF THE 4TH
Rockdale Crushers batting - Pitching for Redfern Railroaders : RHP Chip Buggins
Now in LF: Terry Nancekivell
Now in CF: Brent Cannell
Batting: RHB Luke Thornett 0-0: Ball
1-0: Foul Ball, location: 25FF
1-1: Called Strike
1-2: Fly out, F5 (Popup, 5F, EV 62.5 MPH)
Batting: SHB Jim Unknown 0-0: Called Strike
0-1: Swinging Strike
0-2: Foul Ball, location: 7LSF
0-2: Strikes out looking
Batting: LHB Steve Smith 0-0: Called Strike
0-1: Ground out 6-3 (Groundball, 6, EV 95.0 MPH)
Bottom of the 4th over - 0 runs, 0 hits, 0 errors, 0 left on base; Redfern 5 - Rockdale 4
TOP OF THE 5TH
Redfern Railroaders batting - Pitching for Rockdale Crushers : LHP Jason Hedley
Batting: SHB Nick Creed 0-0: Called Strike
0-1: Ball
1-1: Ball
2-1: Foul Ball, location: 9LMF
2-2: Ball
3-2: Foul Ball, location: 25FF
3-2: Foul Ball, location: 2F
3-2: Foul Ball, location: 2F
3-2: Fly out, F7 (Flyball, 78M, EV 95.0 MPH)
Batting: RHB Matthew Joule 0-0: Called Strike
0-1: Swinging Strike
0-2: Ball
1-2: Foul Ball, location: 2F
1-2: Fly out, F8 (Flyball, 8RD, EV 93.1 MPH)
Batting: LHB Luke Currall 0-0: Swinging Strike
0-1: Foul Ball, location: 9LDF
0-2: Ball
1-2: Foul Ball, location: 3SF
1-2: Strikes out looking
Top of the 5th over - 0 runs, 0 hits, 0 errors, 0 left on base; Redfern 5 - Rockdale 4
BOTTOM OF THE 5TH
Rockdale Crushers batting - Pitching for Redfern Railroaders : RHP Chip Buggins
Batting: RHB Brad Silk 0-0: Ground out 1-3 (Groundball, P, EV 65.6 MPH)
Batting: RHB J.J. Jones 0-0: Ball
1-0: Ground out 1-3 (Groundball, 15S, EV 71.3 MPH)
Batting: SHB Mark Kinsley 0-0: Ball
1-0: Called Strike
1-1: Ball
2-1: Ball
3-1: Foul Ball, location: 9LSF
3-2: Foul Ball, location: 5FF
3-2: TRIPLE (Flyball, 89XD, EV 101.9 MPH)
Batting: RHB Jerod Quarles 0-0: Called Strike
0-1: Foul Ball, location: 3SF
0-2: Foul Ball, location: 23F
0-2: Ball
1-2: Foul Ball, location: 2F
1-2: Fly out, F8 (Flyball, 8RD, EV 110.6 MPH)
Bottom of the 5th over - 0 runs, 1 hit, 0 errors, 1 left on base; Redfern 5 - Rockdale 4
TOP OF THE 6TH
Redfern Railroaders batting - Pitching for Rockdale Crushers : LHP Jason Hedley
Batting: SHB Rio Kennerley 0-0: Swinging Strike
0-1: Foul Ball, location: 3F
0-2: Ground out 4-3 (Groundball, 4, EV 97.5 MPH)
Batting: RHB Trace Clifford 0-0: Ground out 4-3 (Groundball, 4MD, EV 95.0 MPH)
Batting: LHB Brent Cannell 0-0: Swinging Strike
0-1: Ball
1-1: Ball
2-1: Ball
3-1: SINGLE (Groundball, 6D, EV 105.6 MPH)
Batting: LHB Jarrad Honeysett 0-0: Called Strike
0-1: Called Strike
0-2: Ball
1-2: Ball
2-2: Ball
3-2: Base on Balls
Brent Cannell to second
Batting: RHB Matt Bettinson 0-0: Ball
1-0: Foul Ball, location: 25FF
1-1: Foul Ball, location: 2F
1-2: Strikes out looking
Top of the 6th over - 0 runs, 1 hit, 0 errors, 2 left on base; Redfern 5 - Rockdale 4
BOTTOM OF THE 6TH
Rockdale Crushers batting - Pitching for Redfern Railroaders : RHP Chip Buggins
Batting: RHB Justin Borrett 0-0: Ball
1-0: Called Strike
1-1: Swinging Strike
1-2: Foul Ball, location: 9LSF
1-2: Foul Ball, location: 9LSF
1-2: Ground out 4-3 (Groundball, 4, EV 106.3 MPH)
Pitching: RHP Caiden French
Pinch Hitting: LHB Greg Woods 0-0: Ball
1-0: Ball
2-0: Called Strike
2-1: Foul Ball, location: 2F
2-2: Ground out 6-3 (Groundball, 6, EV 79.4 MPH)
Batting: RHB Luke Thornett 0-0: Ground out 6-3 (Groundball, 6, EV 108.1 MPH)
Bottom of the 6th over - 0 runs, 0 hits, 0 errors, 0 left on base; Redfern 5 - Rockdale 4
TOP OF THE 7TH
Redfern Railroaders batting - Pitching for Rockdale Crushers : LHP Jason Hedley
Now at 2B: Anaru Hulama
Batting: LHB Terry Nancekivell 0-0: Foul Ball, location: 5SF
0-1: Ball
1-1: TRIPLE (Groundball, 3L, EV 95.0 MPH)
Batting: SHB Nick Creed 0-0: Foul Ball, location: 23F
0-1: Swinging Strike
0-2: Ball
1-2: Fly out, F9 (Flyball, 9LD, EV 87.5 MPH)
Runner from 3rd tags up, SCORES, no throw by RF
Batting: RHB Matthew Joule 0-0: Ball
1-0: SINGLE (Groundball, 25, EV 72.5 MPH) (infield hit)
Batting: LHB Luke Currall 0-0: Ball
Matthew Joule steals 2nd base
1-0: Foul Ball, location: 2F
1-1: Foul Ball, location: 7LSF
1-2: Foul Ball, location: 25F
1-2: Strikes out looking
Pitching: LHP Mark Esmond
Batting: SHB Rio Kennerley 0-0: Swinging Strike
0-1: SINGLE (Line Drive, 8RS, EV 103.8 MPH)
Matthew Joule to third
Runner from 3rd tries for Home, throw by CF and OUT! 8-2
Top of the 7th over - 1 run, 3 hits, 0 errors, 1 left on base; Redfern 6 - Rockdale 4
BOTTOM OF THE 7TH
Rockdale Crushers batting - Pitching for Redfern Railroaders : RHP Caiden French
Batting: SHB Jim Unknown 0-0: Swinging Strike
0-1: Ball
1-1: Ball
2-1: Swinging Strike
2-2: Strikes out swinging
Batting: LHB Steve Smith 0-0: Ball
1-0: Foul Ball, location: 2F
1-1: Ground out 4-3 (Groundball, 4, EV 100.6 MPH)
Batting: RHB Brad Silk 0-0: Ball
1-0: Called Strike
1-1: Ball
2-1: Ground out 6-3 (Groundball, 6M, EV 106.9 MPH)
Bottom of the 7th over - 0 runs, 0 hits, 0 errors, 0 left on base; Redfern 6 - Rockdale 4
TOP OF THE 8TH
Redfern Railroaders batting - Pitching for Rockdale Crushers : LHP Mark Esmond
Batting: RHB Trace Clifford 0-0: Ball
1-0: Ball
2-0: Ball
3-0: Base on Balls
Batting: LHB Brent Cannell 0-0: 2-RUN HOME RUN (Flyball, 89XD, EV 110.0 MPH), Distance : 436 ft
Batting: LHB Jarrad Honeysett 0-0: Swinging Strike
0-1: Fly out, F9 (Flyball, 89D, EV 111.3 MPH)
Batting: RHB Matt Bettinson 0-0: Ball
1-0: Ball
2-0: Swinging Strike
2-1: Called Strike
2-2: Foul Ball, location: 2F
2-2: Foul Ball, location: 3F
2-2: Strikes out swinging
Batting: LHB Terry Nancekivell 0-0: Ball
1-0: Called Strike
1-1: Ball
2-1: Called Strike
2-2: Strikes out swinging
Top of the 8th over - 2 runs, 1 hit, 0 errors, 0 left on base; Redfern 8 - Rockdale 4
BOTTOM OF THE 8TH
Rockdale Crushers batting - Pitching for Redfern Railroaders : RHP Caiden French
Batting: RHB J.J. Jones 0-0: Ball
1-0: Fly out, F9 (Flyball, 9, EV 98.1 MPH)
Batting: SHB Mark Kinsley 0-0: Ball
1-0: Called Strike
1-1: SINGLE (Line Drive, 34D, EV 98.1 MPH)
Batting: RHB Jerod Quarles 0-0: Fly out, F7 (Line Drive, 7LM, EV 93.1 MPH)
Batting: RHB Justin Borrett 0-0: Fly out, F7 (Line Drive, 78D, EV 88.1 MPH)
Bottom of the 8th over - 0 runs, 1 hit, 0 errors, 1 left on base; Redfern 8 - Rockdale 4
TOP OF THE 9TH
Redfern Railroaders batting - Pitching for Rockdale Crushers : LHP Mark Esmond
Batting: SHB Nick Creed 0-0: DOUBLE (Flyball, 89D, EV 95.0 MPH)
Batting: RHB Matthew Joule 0-0: Swinging Strike
0-1: Foul Ball, location: 2F
0-2: Foul Ball, location: 9LSF
0-2: Ball
1-2: Strikes out swinging
Batting: LHB Luke Currall 0-0: Called Strike
0-1: Swinging Strike
0-2: Foul Ball, location: 9LMF
0-2: Ball
1-2: SINGLE (Groundball, 6M, EV 83.1 MPH) (infield hit)
Nick Creed to third
Batting: SHB Rio Kennerley 0-0: Foul Ball, location: 9LDF
0-1: SINGLE (Groundball, 6M, EV 90.0 MPH) (infield hit)
Nick Creed scores
Luke Currall to second
Pitching: RHP Michael Goodship
Batting: RHB Trace Clifford 0-0: Called Strike
0-1: Foul Ball, location: 9LDF
0-2: Ball
1-2: Foul Ball, location: 5F
1-2: Foul Ball, location: 7LMF
1-2: Grounds into double play, 5-4-3 (Groundball, 56S, EV 88.8 MPH)
Top of the 9th over - 1 run, 3 hits, 0 errors, 1 left on base; Redfern 9 - Rockdale 4
BOTTOM OF THE 9TH
Rockdale Crushers batting - Pitching for Redfern Railroaders : RHP Caiden French
Batting: RHB Anaru Hulama 0-0: Fly out, F7 (Flyball, 7, EV 83.1 MPH)
Pinch Hitting: SHB Fred Baverstock 0-0: Called Strike
0-1: Swinging Strike
0-2: Ball
1-2: Ball
2-2: Foul Ball, location: 2F
2-2: Strikes out swinging
Batting: RHB Mat Bridgman 0-0: Ball
1-0: Called Strike
1-1: Fly out, F5 (Popup, 5F, EV 70.0 MPH)
Bottom of the 9th over - 0 runs, 0 hits, 0 errors, 0 left on base; Redfern 9 - Rockdale 4
Thursday, May 2nd , 2024 - OOTP Baseball 24.9 Build 80